cohdb
Replays
Latest Replays
All Replays
Popular Replays
Top Player Replays
Match Explorer
How It Works
Community
CoH3 Stats
Reddit
Sign in to upload your games and track your stats! →
Sign in with Steam
Match 41125247
Unlisted
Match 41125247
Overview
Messages
Build Orders
End
Panzergrenadier Squad
250 Light Carrier
Panzergrenadier Squad
Construct Light Support Kompanie
Combat Half-tracks
2.5-tonne Medical Truck
Fire Support Elements
Selects Italian Infantry
Selects Guastatori Squad
Guastatori Squad
Selects Registered Artillery
Selects Defensive Operations
Construct Mechanized Kompanie
254 Reconnaissance Tractor
Pak 38 Mechanized Group
2.5-tonne Medical Truck
Vehicle Survival Package
Emergency Repair Kits
StuG III D Assault Gun
Marder III Tank Destroyer
Selects Prepared Positions
Selects Obice 305mm Barrage
StuG III D Assault Gun
Marder III Tank Destroyer
Construct Panzerarmee Kommand
Walking Stuka Rocket Launcher
我真的不是驴
Nachosguy
CAuMOH
Silverstatic
0
0
Comments
sign in to comment!
No comments posted yet!